 Dungeon Crawl Stone Soup version 0.16.1-2-g95b8d4c (console) character file.

54 gw the Caller (level 4, 0/32 HPs)
             Began as a Human Summoner on Mar 26, 2015.
             Succumbed to an adder's poison
             ... on level 2 of the Dungeon.
             The game lasted 00:02:54 (1838 turns).

gw the Caller (Human Summoner)                      Turns: 1838, Time: 00:02:54

Health: 0/32       AC:  5    Str:  9    XL:     4   Next: 12%
Magic:  0/7        EV: 10    Int: 13    God:
Gold:   104        SH:  0    Dex: 14    Spells: 1 memorised, 6 levels left

rFire  . . .     SeeInvis .     a - +0 club
rCold  . . .     Clarity  .     d - +0 ring mail
rNeg   . . .     SustAb   .     (no shield)
rPois  .         Gourm    .     (no helmet)
rElec  .         Spirit   .     (no cloak)
rCorr  .         Warding  .     (no gloves)
rMut   .         Stasis   .     (no boots)
MR     .....                    (no amulet)
Stlth  +.........               (no ring)
                                (no ring)

@: lethally poisoned (0 -> -9), not resistant to hostile enchantments, very
unstealthy
A: breathe flames 1, dopey 1, spit poison 1
a: Spit Poison, Breathe Fire


You were on level 2 of the Dungeon.
You were not hungry.

You visited 1 branch of the dungeon, and saw 2 of its levels.

You collected 104 gold pieces.

Inventory:

Hand weapons
 a - a +0 club (weapon)
 b - a +0 hunting sling
Missiles
 f - 63 stones (quivered)
Armour
 d - a +0 ring mail (worn)
Scrolls
 h - a scroll of remove curse
 k - a scroll of fear {unknown}
 l - a scroll of amnesia {unknown}
Potions
 c - a potion of brilliance {unknown}
 e - a potion of degeneration {unknown}
Books
 i - a book of Callings

   Spells                             Type                      Level
   a - Summon Small Mammal            Summoning                    1
   b - Call Imp                       Summoning                    2
   c - Call Canine Familiar           Summoning                    3
   d - Summon Guardian Golem          Hexes/Summoning              4
   e - Summon Lightning Spire         Summoning/Air                4
   f - Summon Ice Beast               Ice/Summoning                4
Comestibles
 g - a bread ration
 j - a meat ration
 m - 2 slices of pizza
 n - a chunk of flesh


   Skills:
 + Level 1.4 Fighting
 * Level 1.6 Maces & Flails
 + Level 1.3 Slings
 + Level 1.4 Armour
 - Level 2.0 Dodging
 - Level 2.0 Stealth
 - Level 2.0 Spellcasting
 - Level 4.0 Summonings


You had 6 spell levels left.
You knew the following spells:

 Your Spells              Type           Power        Failure   Level  Hunger
a - Summon Small Mammal   Summ           ##..         14%         1    ##.....


Dungeon Overview and Level Annotations

Branches:
Dungeon (2/15)

Altars:
Elyvilon


Innate Abilities, Weirdness & Mutations

You can breathe flames.
You are dopey. (Int -2)
You can spit poison.


Message History

Unknown command.
Unknown command.
MOVING TO (-6,0)
You feel sick.
Unknown command.
Unknown command.
Unknown command.
MOVING TO (-5,0)
You feel sick.
Unknown command.
Unknown command.
Unknown command.
MOVING TO (-4,0)
You feel sick.
Unknown command.
Unknown command.
Unknown command.
MOVING TO (-3,0)
You have got your breath back.
You die...

#.#rr##r#.#........#.#.#
#.#
#[#.###.#...#.######.#..
.. #.......#.#.#.#..
..... .
#...###.......#.####.###
#.#.# #.#.#...#...<#.#
#.#.###.#.#...#.##.#.#
#.#.#.....#.#........#.#
#.......###.####.r...'.#
###.#.#.#
#....p.br..#####
...#.#.#
######.r.......####### #
###.#.#
##.######........
#..<#.. #.######........
#.#.#.. #...............
#.#.#...
#...............
#.#.#...
........#....... #.#.#.
#.#######.#'#### #.#.#
#.# #.#.#


You could see a friendly quokka, a friendly bat and 2 friendly rats.

Table legend:
 A = Turns spent in this place as a percentage of turns spent in the entire game.
 B = Non-inter-level travel turns spent in this place as a percentage of non-inter-level travel turns spent in the entire game.
 C = Inter-level travel turns spent in this place as a percentage of turns spent in this place.
 D = Turns resting spent in this place as a percentage of non-inter-level travel turns spent in this place.
 E = Turns spent auto-exploring this place as a percentage of non-inter-level travel turns spent in this place.
 F = Non-inter-level travel turns spent in this place divided by the number of levels of this place that you've seen.
                   A       B       C       D       E      F
               +-------+-------+-------+-------+-------+----------------------
         Total | 100.0 | 100.0 |   0.1 |   0.7 |   2.0 | 2002.5
       Dungeon | 100.0 | 100.0 |   0.1 |   0.7 |   2.0 | 2002.5
               +-------+-------+-------+-------+-------+----------------------

Table legend:
 A = Kills in this place as a percentage of kills in entire the game.
 B = Kills by you in this place as a percentage of kills by you in the entire game.
 C = Kills by friends in this place as a percentage of kills by friends in the entire game.
 D = Other kills in this place as a percentage of other kills in the entire game.
 E = Experience gained in this place as a percentage of experience gained in the entire game.
 F = Experience gained in this place divided by the number of levels of this place that you have seen.
                   A       B       C       D       E      F
               +-------+-------+-------+-------+-------+----------------------
         Total | 100.0 | 100.0 | 100.0 |  -nan | 100.0 |  39.0
       Dungeon | 100.0 | 100.0 | 100.0 |  -nan | 100.0 |  39.0
               +-------+-------+-------+-------+-------+----------------------

Vanquished Creatures
  2 adders (D:2)
  3 giant geckos (D:2)
  A giant cockroach (D:1)
  2 hobgoblins
  A ball python (D:2)
  3 bats (D:2)
  A giant newt (D:1)
  4 goblins (D:1)
  2 kobolds (D:1)
  2 rats (D:2)
21 creatures vanquished.

Vanquished Creatures (collateral kills)
  A worm (D:2)
  A giant gecko (D:1)
  An ooze (D:2)
  5 bats
  A giant cockroach (D:1)
  3 goblins
  5 hobgoblins
  A kobold (D:1)
  A giant newt (D:1)
  6 rats
25 creatures vanquished.

Vanquished Creatures (others)
  3 quokkas
  4 bats
  5 rats
12 creatures vanquished.

Grand Total: 58 creatures vanquished

Notes
Turn   | Place    | Note
--------------------------------------------------------------
     0 | D:1      | gw, the Human Summoner, began the quest for the Orb.
     0 | D:1      | Reached XP level 1. HP: 13/13 MP: 3/3
   196 | D:1      | Reached skill level 1 in Fighting
   263 | D:1      | Reached XP level 2. HP: 21/21 MP: 0/4
   381 | D:1      | Reached skill level 1 in Slings
   730 | D:1      | Reached XP level 3. HP: 23/26 MP: 0/6
   813 | D:1      | Gained mutation: You can breathe flames. [potion of mutation]
   813 | D:1      | Gained mutation: You can spit poison. [potion of mutation]
   813 | D:1      | Gained mutation: You are dopey. (Int -2) [potion of mutation]
   871 | D:2      | Reached skill level 1 in Armour
   897 | D:2      | Found a white marble altar of Elyvilon.
  1072 | D:2      | Reached skill level 1 in Maces & Flails
  1832 | D:2      | Reached XP level 4. HP: 7/32 MP: 0/7
  1837 | D:2      | HP: 1/32 [poisoned by an adder]
  1838 | D:2      | Succumbed to an adder's poison

Action                   |  1- 3 |  4- 6 || total
-------------------------+-------+-------++-------
Melee: Club              |    45 |       ||    45
 Fire: Hunting sling     |    25 |       ||    25
 Cast: Summon Small Mamm |   108 |       ||   108
 Abil: Spit Poison       |     4 |     1 ||     5
  Use: Scroll            |     5 |       ||     5
       Potion            |     1 |       ||     1
  Eat: Bread ration      |     1 |       ||     1
       Chunk             |     1 |       ||     1

Vault maps used:
D:1:      eino_arrival_cavern_d, hangedman_decor_peaks_small
D:2:      nicolae_overflow_crystal_walls, first_bread
